 Dungeon Crawl Stone Soup version 0.29-a0-925-g0a7a3d12f8 (webtiles) character file.

Game seed: 444339283621610142

67 Newt the Sneak (level 4, -2/22 HPs)
             Began as a Vine Stalker Enchanter on July 29, 2022.
             Slain by an iguana (8 damage)
             ... on level 3 of the Dungeon.
             The game lasted 00:04:22 (1678 turns).

Newt the Sneak (Vine Stalker Enchanter)             Turns: 1678, Time: 00:04:22

Health: -2/22      AC:  2    Str: 13    XL:     4   Next: 18%
Magic:  0/8        EV: 12    Int: 15    God:
Gold:   66         SH:  0    Dex: 14    Spells: 4/7 levels left

rFire   . . .      SeeInvis .   m - +1 dagger (venom)
rCold   . . .      Faith    .   g - orb {*Rage}
rNeg    . . .      Spirit   +   b - +0 robe
rPois   .          Reflect  .   (no helmet)
rElec   .          Harm     .   (no cloak)
rCorr   .          Rampage  .   (no gloves)
Will    .....      Rage     20% (no boots)
Stlth   +++.......              (no amulet)
HPRegen 0.87/turn               (no ring)
MPRegen 0.11/turn               (no ring)

@: on berserk cooldown, slowed, very slow
A: fangs 2, regeneration 1, magic shield, antimagic bite, no potion heal 2
a: no special abilities


You were on level 3 of the Dungeon.
You visited 1 branch of the dungeon, and saw 3 of its levels.

You collected 66 gold pieces.

Inventory:

Hand Weapons
 a - a +1 dagger
 j - a +0 dagger of draining
 m - a +1 dagger of venom (weapon)
Armour
 b - a +0 robe (worn)
 g - an orb of wrath (worn)
Scrolls
 e - 2 scrolls of immolation
 f - a scroll of teleportation {unknown}
 h - 5 scrolls of identify {unknown}
 l - a scroll of poison {unknown}
Potions
 c - 3 potions of invisibility
 d - 2 potions of curing {unknown}
 i - a potion of degeneration {unknown}
 k - a potion of attraction {unknown}
 n - a potion of brilliance {unknown}


   Skills:
 * Level 1.0 Fighting
 + Level 1.1 Short Blades
 + Level 1.8 Dodging
 + Level 4.9 Stealth
 + Level 2.3 Spellcasting
 + Level 3.5 Hexes


You had 4 spell levels left.
You knew the following spells:

 Your Spells              Type           Power      Damage    Failure   Level
a - Tukima's Dance        Hex            12%        N/A       16%         3

Your spell library contained the following spells:

 Spells                   Type           Power      Damage    Failure   Level
 Ensorcelled Hibernation  Hex/Ice        14%        N/A       16%         2
 Confusing Touch          Hex            12%        N/A       16%         3
 Dazzling Flash           Conj/Hex       14%        N/A       30%         3


Dungeon Overview and Level Annotations

Branches:
Dungeon (3/15)

Altars:


Innate Abilities, Weirdness & Mutations

You have extremely sharp teeth.
Your natural rate of healing is unusually fast.
When hurt, damage is shared between your health and your magic reserves.
Your bite disrupts and absorbs the magic of your enemies.
Potions cannot restore your health.


Message History

You hear the slow rusting of a drain nearby.
You feel yourself speed up. The giant cockroach closely misses you.
You hit the giant cockroach. You bite the giant cockroach.
You kill the giant cockroach!
You see here a +0 chain mail.
You recover from your berserk rage.
A quokka comes into view.
Found a gold piece.
The quokka barely misses you.
You hit the quokka but do no damage.
The quokka is poisoned.
The quokka bites you.
A red film seems to cover your vision as you go berserk!
You feel yourself moving faster!
You feel mighty!
You closely miss the quokka. You bite the quokka.
You kill the quokka!
You feel a strong urge to attack something.
You feel your anger nearly subside.
You are no longer berserk.
You are exhausted.
You feel yourself slow down.
You now have 66 gold pieces (gained 1).
An iguana comes into view.
The iguana hisses angrily.
The iguana bites you!
You hit the iguana.
The iguana is poisoned.
You bite the iguana. You drain its power.
You feel invigorated.
The iguana is moderately wounded.
The iguana bites you. The iguana bites you!
* * * LOW HITPOINT WARNING * * *
You hear the slow rusting of a very distant drain.
The iguana bites you.
You barely miss the iguana. You bite the iguana, but do no damage.
The iguana is heavily wounded.
The iguana bites you.
* * * LOW HITPOINT WARNING * * *
Okay, then.
You hit the iguana.
The iguana looks even sicker.
The iguana is severely wounded.
The iguana bites you!
You die...

.............
###.##.##..###.. ...
#..# ### #.# #..#
##.## #..# ... #..#
#.# #..#
#..#######.#######..#
#......l@...........#
#...................#
#####################


You could see an iguana (very poisoned).

Vanquished Creatures
  An adder (D:2)
  2 worms (D:2)
  A dart slug (D:2)
  7 ball pythons
  2 bats (D:2)
  4 endoplasms (D:2)
  A giant cockroach (D:3)
  4 goblins
  4 hobgoblins
  5 jackals (D:2)
  5 quokkas
  3 frilled lizards
  2 kobolds (D:1)
  3 rats
44 creatures vanquished.

Notes
Turn   | Place    | Note
-------+----------+-------------------------------------------
     0 | D:1      | Newt the Vine Stalker Enchanter began the quest for the
                  | Orb.
     0 | D:1      | Reached XP level 1. HP: 9/9 MP: 4/4
   147 | D:1      | Found a faded altar of an unknown god.
   177 | D:1      | Reached XP level 2. HP: 11/13 MP: 6/6
   215 | D:1      | Reached skill level 4 in Stealth
   480 | D:1      | Reached skill level 1 in Short Blades
   766 | D:2      | Reached XP level 3. HP: 17/17 MP: 7/7
  1468 | D:2      | Gained mutation: Your natural rate of healing is unusually
                  | fast. [Vine Stalker growth]
  1468 | D:2      | Reached XP level 4. HP: 10/21 MP: 6/8
  1470 | D:2      | Reached skill level 1 in Fighting
  1617 | D:3      | Learned a level 3 spell: Tukima's Dance
  1678 | D:3      | Slain by an iguana

Illustrated notes

Levels and vault maps discovered:
D:1:      evilmike_arrival_rings, layout_loops_cross,
          hellmonk_ecumenical_altar_blasted
D:2:      layout_basic, serial_glass, glass_columns_a, glass_columns_a,
          kennysheep_generic_room_16
D:3:      layout_rooms, cheibrodos_sewer_entry_sluice,
          roderic_nine_men_s_morris, nrook_mini_vaults, uniq_natasha

Skill      XL: |  1  2  3  4 |
---------------+-------------+-----
Stealth        | 4 |  4.9
Short Blades   | 1 |  1.1
Fighting       | 1 |  1.0
Dodging        | |  1.8
Spellcasting   | |  2.3
Hexes          | |  3.5

Action                   |  1- 3 |  4- 6 || total
-------------------------+-------+-------++-------
Melee: Dagger            |    83 |    22 ||   105
       Bite              |    17 |     9 ||    26
 Stab: Sleeping          |     6 |     1 ||     7
Armor: Robe              |     7 |     4 ||    11
Dodge: Dodged            |    45 |     6 ||    51

Table legend: (Time is in decaauts)
 A = Elapsed time spent in this place.
 B = Non-inter-level travel time spent in this place.
 C = Inter-level travel time spent in this place.
 D = Time resting spent in this place.
 E = Time spent auto-exploring this place.
 F = Levels seen in this place.
 G = Mean time per level.
                   A        B        C        D        E       F      G
               +--------+--------+--------+--------+--------+-----+--------+
         Total |   1789 |   1715 |     74 |      0 |   1290 |   3 |  596.3 |
       Dungeon |   1789 |   1715 |     74 |      0 |   1290 |   3 |  596.3 |
               +--------+--------+--------+--------+--------+-----+--------+

Top non-repeatable levels by time:
     D:2: 836 daAuts
     D:1: 798 daAuts
     D:3: 154 daAuts
